 Dungeon Crawl Stone Soup version 0.23-a0-435-g79ed067 (webtiles) character file.

1 Amnesiac the Sneak (level 1, 0/9 HPs)
             Began as a Spriggan Enchanter on Nov 15, 2018.
             Slain by a rat (2 damage)
             ... on level 1 of the Dungeon.
             The game lasted 00:00:59 (113 turns).

Amnesiac the Sneak (Spriggan Enchanter)              Turns: 113, Time: 00:01:00

Health: 0/9        AC:  3    Str:  4    XL:     1   Next: 16%
Magic:  3/5        EV: 18    Int: 16    God:
Gold:   0          SH:  0    Dex: 16    Spells: 4/5 levels left

rFire    . . .     SeeInvis +   a - +1 dagger
rCold    . . .     Gourm    .   (shield restricted)
rNeg     . . .     Faith    .   b - +0 robe
rPois    .         Spirit   .   (helmet restricted)
rElec    .         Reflect  .   c - +0 cloak
rCorr    .         Harm     .   (gloves unavailable)
MR       .....                  (boots unavailable)
Stlth    +++.......             (no amulet)
HPRegen  0.03/turn              (no ring)
MPRegen  0.09/turn              (no ring)

@: very quick
A: very small, unfitting armour, see invisible, herbivore, speed 3, slow
metabolism 2
a: no special abilities


You were on level 1 of the Dungeon.
You were not hungry.

You visited 1 branch of the dungeon, and saw 2 of its levels.

Inventory:

Hand Weapons
 a - a +1 dagger (weapon)
 e - a +1 short sword of speed
Armour
 b - a +0 robe (worn)
 c - a +0 cloak (worn)
Comestibles
 d - a ration


   Skills:
 - Level 1.1 Short Blades
 - Level 3.0 Dodging
 + Level 4.4 Stealth
 + Level 2.7 Spellcasting
 + Level 3.6 Hexes


You had 4 spell levels left.
You knew the following spells:

 Your Spells              Type           Power        Failure   Level  Hunger
a - Corona                Hex            ##.....      4%          1    #......

Your spell library contained the following spells:

 Spells                   Type           Power        Failure   Level  Hunger
 Confuse                  Hex            ##......     13%         3    ###....
 Tukima's Dance           Hex            ##......     13%         3    ###....
 Ensorcelled Hibernation  Hex/Ice        #.....       14%         2    ##.....
 Dazzling Spray           Conj/Hex       #.....       26%         3    ###....


Dungeon Overview and Level Annotations

Branches:
Dungeon (2/15)

Altars:


Innate Abilities, Weirdness & Mutations

You are very small and have problems with some larger weapons.
You are too small for most types of armour.
You have supernaturally acute eyesight. (SInv)
You are a herbivore.
You cover ground extremely quickly.
You need to consume almost no food.


Message History

An adder comes into view.
A frilled lizard comes into view.
The hobgoblin shouts!
The adder hisses angrily.
A kobold comes into view.
The hobgoblin hits you.
A jackal and a hobgoblin come into view.
The hobgoblin shouts!
You hear a bark!
The jackal barks!
The quokka misses you.
Found 5 gold pieces.
You hit the quokka but do no damage.
A jackal comes into view.
The quokka misses you. The adder closely misses you.
There is a stone staircase leading up here.
The adder barely misses you.
You climb upwards.
There is a stone staircase leading down here.
Found 29 arrows.
Found a scroll labeled TEN DAGEGA and a runed short sword.
A jackal comes into view.
Found a mace.
You see here 29 arrows.
A frilled lizard comes into view.
The frilled lizard hisses angrily.
Found 17 sling bullets.
A dart slug comes into view. x2
You see here a runed short sword.
e - a runed short sword A dart slug comes into view.
A hobgoblin comes into view.
You see here 17 sling bullets.
The dart slug launches a dart at you. The slug dart hits you!
Ouch! That really hurt!
* * * LOW HITPOINT WARNING * * *
An ooze comes into view.
The dart slug launches a dart at you. The slug dart hits you!
* * * LOW HITPOINT WARNING * * *
The dart slug launches a dart at you. The slug dart misses you.
The ooze quivers.
Found 24 stones.
A rat comes into view.
Found an inky potion.
Casting: Corona (safe; 4% risk of failure)
Confirm with . or Enter, or press ? or * to list all spells.
Aiming: Corona (safe; 4% risk of failure)
Press: ? - help, Shift-Dir - straight line, f - rat
Aim: a rat (chance to defeat MR: 67%)
The rat barely resists.
Unknown command.
Casting: Corona (safe; 4% risk of failure)
Confirm with . or Enter, or press ? or * to list all spells.
Aiming: Corona (safe; 4% risk of failure)
Press: ? - help, Shift-Dir - straight line, f/p - rat
Aim: a rat (chance to defeat MR: 67%)
The rat is outlined in light.
Unknown command.
You hit the rat but do no damage. The rat barely misses you.
You hit the rat.
The rat is severely wounded.
The rat bites you.
You die...

############
#....r@....#########
#.......##.........#
#....##..(..######.#
##.#. ####.##
###.#### #! # #.#
#....... # ..#
#.#.###. #### #.#.#
#. # #.. #. ##.##J


You could see a rat.

Vanquished Creatures
  2 rats
2 creatures vanquished.

Notes
Turn   | Place    | Note
-------+----------+-------------------------------------------
     0 | D:1      | Amnesiac the Spriggan Enchanter began the quest for the
                  | Orb.
     0 | D:1      | Reached XP level 1. HP: 9/9 MP: 5/5
   113 | D:1      | Slain by a rat

Vault maps used:
D:1:      nagdon_arrival_double_spiral, serial_park_tiny_pond
D:2:      lemuel_round_altar, minmay_misc_feat_four_crosses,
          chequers_decorated_corner, uniq_sigmund, uniq_robin, uniq_jessica,
          uniq_terence

Action                   || total
-------------------------++-------
Melee: Dagger            ||     5
 Cast: Corona            ||     4
Dodge: Dodged            ||     8

Table legend:
 A = Non-vault XP
 B = Vault XP
 C = Vault XP percentage of total XP
 D = Non-vault monster count
 E = Vault monster count
 F = Vault count percentage of total count
                 A         B        C        D         E       F
            +---------+---------+-------+---------+---------+-------
      Total |       2 |       0 |   0.0 |       2 |       0 |   0.0
            +---------+---------+-------+---------+---------+-------
        D:1 |       1 |       0 |   0.0 |       1 |       0 |   0.0
        D:2 |       1 |       0 |   0.0 |       1 |       0 |   0.0
            +---------+---------+-------+---------+---------+-------
